 Dungeon Crawl Stone Soup version 0.10.0-32-gfa280cc character file.

45872 havannaair the Warrior (level 14, 0/201 HPs)
             Began as a Minotaur Berserker on May 8, 2012.
             Was the Champion of Trog.
             Slain by a black bear (1 damage)
             ... summoned by a spriggan druid
             ... on Level 8 of the Lair of Beasts.
             The game lasted 01:34:45 (18345 turns).

havannaair the Warrior (Minotaur Berserker)        Turns: 18345, Time: 01:34:46

HP   0/201       AC 19     Str 32      XL: 14   Next:  3%
MP   4/4         EV  8     Int  4      God: Trog [******]
Gold 883         SH  0     Dex 12      Spells:  0 memorised, 13 levels left

Res.Fire  : . . .   See Invis. : .   a - +3 battleaxe of Equivalence {god gift, fre Res.Cold : + . . Warding : . . p - +4 orc chain mail Life Prot.: + . . Conserve : . (no shield) Res.Acid. : . . . Res.Corr. : . S - +0 cap
Res.Poison: .       Clarity    : .   o - +1 cloak
Res.Elec. : .       Spirit.Shd : .   (no gloves)
Sust.Abil.: + .     Stasis     : .   W - +0 pair of boots
Res.Mut.  : .       Ctrl.Telep.: .   t - amulet of faith
Res.Rott. : .       Levitation : .   J - ring of sustain abilities
Saprovore : . . .   Ctrl.Flight: .   y - +2 ring of strength

@: berserking, very quick, somewhat resistant to hostile enchantments, extremely
unstealthy
A: retaliatory headbutt, horns 2
a: Burn Spellbooks, Berserk, Trog's Hand, Brothers in Arms, Renounce Religion


You were on level 8 of the Lair of Beasts.
You worshipped Trog.
Trog was exalted by your worship.
You were not hungry.

You visited 2 branches of the dungeon, and saw 18 of its levels.
You visited 1 Labyrinth.
You visited 1 portal chamber: spiders nest.

You collected 889 gold pieces.
You spent 26 gold pieces at shops.

Inventory:

Hand weapons
 a - the +3,+3 battleaxe of Equivalence (weapon) {god gift, freeze, rC+ rN+}
   (Trog gifted it to you on level 10 of the Dungeon)

   It has been specially enchanted to freeze those struck by it, causing extra
   injury to most foes and up to double damage against particularly susceptible
   opponents.
   It can also slow down cold-blooded creatures.
   It protects you from cold.
   It protects you from negative energy.
 b - a +1,+2 bow
 w - a +0,+0 falchion of flaming
Missiles
 s - 6 +0 arrows of dispersal
 z - 4 steel +0 javelins (quivered)
 A - 62 +0 arrows
Armour
 o - a +1 cloak (worn)
 p - a +4 orcish chain mail (worn)
 S - a +0 cap (worn)
 W - a +0 pair of boots (worn)
Magical devices
 j - a wand of polymorph other (9)
 m - a wand of random effects (12)
 v - a wand of frost (11)
 G - a wand of invisibility (3)
 L - a wand of confusion (2)
 M - a wand of cold (2)
 N - a wand of enslavement (12)
 O - a wand of paralysis (6)
 Z - a wand of disintegration (8)
Comestibles
 c - 15 bread rations
 h - a pear
 k - 3 chunks of yak flesh
 q - 5 chunks of elephant flesh
Scrolls
 e - 6 scrolls of detect curse
 l - 3 scrolls of remove curse
 n - 3 scrolls of fog
 u - 3 scrolls of magic mapping
 x - 5 scrolls of identify
 F - 2 scrolls of summoning
 K - 2 scrolls of fear
Jewellery
 t - an amulet of faith (around neck)
 y - a +2 ring of strength (left hand)
 J - a ring of sustain abilities (right hand)
Potions
 d - a potion of curing
 f - a potion of speed
 i - 2 potions of invisibility
 r - 3 potions of restore abilities


   Skills:
 * Level 18,4 Fighting
 + Level 17,9 Axes
 + Level 6,2 Bows
 + Level 13,5 Armour
 - Level 2,7 Dodging
 - Level 2,2 Shields
 + Level 2,9 Traps & Doors
 + Level 3,3 Evocations


You had 13 spell levels left.
You didn't know any spells.

Dungeon Overview and Level Annotations

Branches:
Dungeon (10/27)            Temple (0/1) D:5             Orc (0/4) D:6
   Lair (8/8) D:10          Swamp (0/5) Lair:3       Shoals (0/5) Lair:3
  Slime (0/6) Lair:6

Altars:
Fedhas
Okawaru
Trog
Vehumet
Zin

Shops:
D:4: ( D:7: [


Innate Abilities, Weirdness & Mutations

You reflexively headbutt those who attack you in melee.
You have a pair of horns on your head.


Message History

* * * LOW HITPOINT WARNING * * *
The wolf claws you but does no damage. The wolf closely misses you.
You open the black bear like a pillowcase!!!
You freeze the black bear.
You kill the black bear!
The black bear's corpse disappears in a puff of smoke!
The wolf barely misses you. The wolf claws you but does no damage.
The wolf claws you but does no damage. The wolf misses you.
The wolf closely misses you. The wolf claws you but does no damage.
The wolf bites you but does no damage. The wolf claws you but does no damage.
The wolf claws you but does no damage.
The spriggan hits you but does no damage.
You closely miss the wolf. The wolf bites you but does no damage.
The wolf claws you but does no damage. The wolf barely misses you.
The wolf bites you but does no damage. The wolf misses you.
The wolf closely misses you.
The black bear bites you but does no damage.
The black bear claws you but does no damage.
The black bear claws you.
You die...

#.f...# .....# ###
#.....
#####.#######.....
♣♣#.#P#.#.##..f...
♣♣♣♣.............ff.
♣♣♣♣..♣♣♣♣♣..PP..ff.
♣♣♣.§h♣♣♣♣♣♣♣♣♣..#.#.
♣♣♣h@i♣♣♣ ♣♣♣♣♣♣♣#..#
♣♣.hhU♣♣ ♣♣♣♣♣..#
♣♣♣...♣♣♣♣♣ ♣♣♣..
♣♣.....♣♣♣♣♣♣ ♣♣...
♣♣..♣♣.....♣♣ ♣♣...♣
♣♣..♣♣♣♣.....♣♣♣h...♣♣♣
♣♣..♣♣♣♣♣.♣.....♣♣♣♣♣♣♣
♣♣.♣ ♣♣♣♣.♣♣.♣..♣♣♣
♣♣.♣ ..♣ ♣♣♣.


You could see a black bear, a spriggan and 4 wolves.

Vanquished Creatures
  A minotaur (Lab)
  6 hydras
  A spriggan druid (Lair:8)
  A necromancer (Lair:3)
  Joseph (Lair:1)
  A griffon (Lair:6)
  3 feature mimics
  3 elephant slugs
  4 black mambas
  15 elephants
  7 spiny frogs
  Grinder (D:3)
  A mermaid (Lair:3)
  7 komodo dragons
  2 queen bees
  14 blink frogs
  A basilisk (Lair:4)
  49 yaks
  A steam dragon (D:10)
  3 hippogriffs
  2 fire drakes
  2 item mimics
  11 war dogs
  Edmund (D:4)
  Menkaure (D:4)
  4 orc warriors
  An ice beast (D:8)
  A sky beast (D:8)
  7 wolves
  14 giant goldfish (Lair:6)
  3 black bears (Lair:8)
  6 centaurs
  7 ogres
  2 big kobolds (D:8)
  10 crocodiles
  2 boring beetles (Lair:7)
  Sigmund (D:6)
  Duvessa (D:6)
  4 giant slugs
  8 water moccasins
  6 agate snails
  8 giant frogs
  4 grizzly bear simulacra (Lair:3)
  A boulder beetle (Lair:7)
  33 killer bees
  A killer bee zombie (D:5)
  5 crimson imps
  3 goliath beetles
  Dowan (D:6)
  2 hound zombies (D:7)
  7 hounds
  12 iguanas
  4 orc priests
  2 quasits
  4 hound skeletons
  3 orc wizards
  9 porcupines
  4 worker ants
  21 sheep
  2 scorpions
  3 hound simulacra (Lair:3)
  16 jellies
  12 adders
  3 gnolls (D:5)
  An adder zombie (D:7)
  16 giant centipedes
  22 green rats
  3 giant mites
  6 worms
  3 sheep simulacra (Lair:3)
  2 giant eyeballs
  12 giant geckos
  29 orcs
  11 hobgoblins
  11 jackals
  9 kobolds
  10 quokkas
  2 ball pythons
  29 bats
  9 giant cockroaches
  7 giant newts
  18 goblins
  A hobgoblin zombie (D:5)
  2 kobold skeletons
  2 quokka skeletons
  18 rats
  A rat simulacrum (Lair:3)
  A ballistomycete (D:9)
  2 fungi
  3 plants
606 creatures vanquished.

Vanquished Creatures (collateral kills)
  2 hydras
  A big kobold (D:8)
  2 giant centipedes
  An ooze (Lair:6)
6 creatures vanquished.

Vanquished Creatures (others)
  A yak (Lair:7)
  2 ogres (D:8)
  A giant centipede (Port)
  A giant spore (D:9)
  A rat (D:5)
  6 fungi
  A plant (Lair:1)
  4 toadstools (Lair:5)
17 creatures vanquished.

Grand Total: 629 creatures vanquished

Notes
Turn   | Place    | Note
--------------------------------------------------------------
     0 | D:1      | havannaair, the Minotaur Berserker, began the quest for the Orb.
     0 | D:1      | Reached XP level 1. HP: 19/19 MP: 0/0
   184 | D:1      | Reached skill level 4 in Fighting
   270 | D:1      | Reached XP level 2. HP: 27/27 MP: 0/0
   973 | D:2      | Reached XP level 3. HP: 33/33 MP: 1/1
   987 | D:2      | Acquired Trog's second power
   995 | D:2      | Found a bloodstained altar of Trog.
  1189 | D:3      | Noticed Grinder
  1195 | D:3      | Killed Grinder
  1195 | D:3      | Reached skill level 6 in Fighting
  1195 | D:3      | Reached XP level 4. HP: 41/41 MP: 1/1
  1195 | D:3      | Reached XP level 5. HP: 47/47 MP: 1/1
  1195 | D:3      | Reached XP level 6. HP: 55/55 MP: 2/2
  1755 | D:4      | Noticed Menkaure
  1756 | D:4      | Found Ekeeb's Weapon Emporium.
  1762 | D:4      | Killed Menkaure
  1762 | D:4      | Reached skill level 5 in Armour
  1762 | D:4      | Reached XP level 7. HP: 38/61 MP: 2/2
  2204 | D:2      | Reached skill level 7 in Fighting
  2392 | D:4      | Noticed Edmund
  2446 | D:4      | Killed Edmund
  3082 | D:5      | Entered Level 5 of the Dungeon
  3103 | D:5      | Found a glowing silver altar of Zin.
  3162 | D:5      | Found a staircase to the Ecumenical Temple.
  3294 | D:5      | Reached skill level 1 in Shields
  3304 | D:5      | Acquired Trog's third power
  3315 | D:5      | Reached XP level 8. HP: 63/70 MP: 2/2
  3416 | D:5      | Found a blossoming altar of Fedhas.
  3423 | D:5      | Found a radiant altar of Vehumet.
  3554 | D:5      | Paralysed by a giant eyeball for 4 turns
  3785 | D:6      | Noticed Duvessa
  3785 | D:6      | Noticed Dowan
  3802 | D:6      | Killed Duvessa
  3831 | D:6      | Killed Dowan
  4053 | D:6      | Paralysed by a giant eyeball for 2 turns
  4139 | D:6      | Found a staircase to the Orcish Mines.
  4287 | D:6      | Reached skill level 8 in Fighting
  4833 | D:6      | Noticed Sigmund
  4846 | D:6      | Killed Sigmund
  5398 | D:7      | Reached XP level 9. HP: 78/78 MP: 3/3
  5494 | D:7      | Found Mnaryez's Armour Shop.
  5504 | D:7      | Bought a +0 pair of boots for 26 gold pieces
  5705 | D:8      | Reached skill level 1 in Evocations
  5765 | D:8      | Paralysed by a potion of paralysis for 6 turns
  5777 | D:8      | Gained mutation: You evolve.
  5777 | D:8      | Gained mutation: You have an increased reservoir of magic (+10% MP).
  5777 | D:8      | Gained mutation: Your vision is a little blurry.
  5830 | D:8      | Reached skill level 9 in Fighting
  6206 | D:8      | Noticed a three-headed hydra
  6386 | D:8      | Killed a four-headed hydra
  6790 | D:8      | Reached skill level 10 in Fighting
  6912 | D:8      | Reached XP level 10. HP: 88/88 MP: 3/3
  7289 | D:9      | Found an iron altar of Okawaru.
  7300 | D:9      | Reached skill level 1 in Traps & Doors
  7378 | D:9      | Reached skill level 10 in Axes
  7624 | D:10     | Entered Level 10 of the Dungeon
  7650 | D:10     | Found a labyrinth entrance.
  7669 | Lab      | Entered a Labyrinth
  7966 | Lab      | Reached skill level 11 in Fighting
  7966 | Lab      | Reached skill level 10 in Armour
  8021 | D:10     | Found a staircase to the Lair.
  8046 | D:10     | Received a gift from Trog
  8047 | D:10     | Got a crude battleaxe {god gift}
  8068 | D:10     | Identified the battleaxe of Equivalence {god gift, freeze, rC+ rN+} (Trog gifted it to you on level 10 of the Dungeon)
  8084 | D:10     | Gained mutation: You are weak (Str -1).
  8126 | D:10     | Lost mutation: You are weak (Str -1).
  8126 | D:10     | Lost mutation: Your vision is a little blurry.
  8126 | D:10     | Lost mutation: You evolve.
  8126 | D:10     | Lost mutation: You have an increased reservoir of magic (+10% MP).
  8465 | D:9      | Reached XP level 11. HP: 84/97 MP: 3/3
  8513 | D:10     | Reached skill level 12 in Fighting
  8800 | Lair:1   | Entered Level 1 of the Lair of Beasts
  9126 | Lair:1   | Noticed Joseph
  9136 | Lair:1   | Killed Joseph
  9213 | Lair:1   | Reached skill level 13 in Fighting
  9215 | Lair:1   | Received a gift from Trog
 10196 | Lair:2   | Reached skill level 14 in Fighting
 10196 | Lair:2   | Reached skill level 1 in Bows
 10251 | Lair:2   | Received a gift from Trog
 10331 | Lair:2   | Reached XP level 12. HP: 87/110 MP: 4/4
 10896 | Lair:3   | Found a staircase to the Swamp.
 11112 | Lair:3   | Found a staircase to the Shoals.
 11348 | Lair:3   | Received a gift from Trog
 11452 | Lair:3   | Reached skill level 15 in Fighting
 11823 | Lair:4   | Found a crumbling entrance.
 11830 | Spider   | Entered a spider's nest
 12182 | Lair:4   | Reached skill level 15 in Axes
 12947 | Lair:5   | HP: 6/168 [four-headed hydra (9)]
 13343 | Lair:5   | Received a gift from Trog
 13371 | Lair:5   | Reached skill level 16 in Fighting
 13706 | Lair:5   | Got an ancient long sword
 13707 | Lair:5   | Identified the long sword "Kicreatu" {slice, rF+ rC+ rN+ Stlth++} (You found it on level 5 of the Lair of Beasts)
 14534 | Lair:6   | Received a gift from Trog
 14534 | Lair:6   | Reached XP level 13. HP: 113/121 MP: 4/4
 14884 | Lair:6   | Found a staircase to the Slime Pits.
 15067 | Lair:6   | Received a gift from Trog
 15350 | Lair:6   | Reached skill level 17 in Fighting
 15427 | Lair:7   | Reached skill level 5 in Bows
 15610 | Lair:7   | Received a gift from Trog
 17380 | Lair:8   | Entered Level 8 of the Lair of Beasts
 17762 | Lair:8   | Reached skill level 18 in Fighting
 18094 | Lair:8   | Received a gift from Trog
 18296 | Lair:8   | Reached XP level 14. HP: 119/134 MP: 4/4
 18342 | Lair:8   | HP: 9/201 [spriggan/dagger (6)]
 18343 | Lair:8   | HP: 1/201 [wolf[a spriggan druid] (5)]
 18345 | Lair:8   | Slain by a black bear
